 Seeded DCSS version 0.31.0-12-g77e489cdc1 (webtiles) character file.

Game seed: 8657643 (custom seed)

93 lonewolfV2 the Trooper (level 4, 0/37 HPs)
             Began as a Formicid Fighter on Feb 14, 2024.
             Slain by an ogre
             ... wielding a +0 giant club
              (15 damage)
             ... on level 3 of the Dungeon.
             The game lasted 00:02:24 (1732 turns).

lonewolfV2 the Trooper (Formicid Fighter)           Turns: 1732, Time: 00:02:25

Health: 0/37       AC:  9    Str: 20    XL:     4   Next: 92%
Magic:  4/4        EV:  7    Int:  8    God:
Gold:   70         SH:  6    Dex: 15    Spells: 3/3 levels left

rFire   . . .        a - +1 war axe
rCold   . . .        c - +1 buckler
rNeg    . . .        i - +0 chain mail
rPois   .            (helmet unavailable)
rElec   .            (no cloak)
rCorr   .            (no gloves)
SInv    +            (no boots)
Will    .....        (no amulet) Stlth
                     (no ring)
HPRegen 0.26/turn    (no ring)
MPRegen 0.09/turn

%: no passive effects
@: no status effects
A: permanent stasis, dig shafts and tunnels, antennae 3, four strong arms
a: Dig, Shaft Self


You were on level 3 of the Dungeon.
You visited 1 branch of the dungeon, and saw 3 of its levels.

You collected 70 gold pieces.

Inventory:

Hand Weapons
 a - a +1 war axe (weapon)
Missiles
 j - a throwing net
Armour
 c - a +1 buckler (worn)
 i - a +0 chain mail (worn)
Wands
 b - a wand of charming (5)
Scrolls
 h - a scroll of vulnerability {unknown}
Potions
 d - a potion of might
 e - 2 potions of lignification {unknown}
 f - a potion of heal wounds {unknown}
 g - a potion of berserk rage
 k - a potion of attraction {unknown}
 l - a potion of enlightenment {unknown}
 m - a potion of brilliance {unknown}


   Skills:
 + Level 4.2 Fighting
 * Level 4.0 Axes
 - Level 3.2 Armour
 - Level 4.0 Shields


You had 3 spell levels left.
You didn't know any spells.
Your spell library contained the following spells:

 Spells                   Type           Power      Damage    Failure   Level
 Foxfire                  Conj/Fire      0%         2x1d4     99%         1
 Call Canine Familiar     Summ           0%         N/A       100%        3
 Dazzling Flash           Conj/Hex       0%         N/A       100%        3
 Mephitic Cloud           Conj/Alch/Air  0%         N/A       100%        3
 Sigil of Binding         Hex            0%         N/A       100%        3
 Dimensional Bullseye     Hex/Tloc       0%         N/A       100%        4
 Curse of Agony           Necr           0%         N/A       100%        5
 Silence                  Hex/Air        0%         N/A       100%        5


Dungeon Overview and Level Annotations

Branches:
Dungeon (3/15)

Altars:
Zin


Innate Abilities, Weirdness & Mutations

You cannot be hasted, slowed, berserked, paralysed or teleported.
You can dig through walls and to a lower floor.
You have a pair of large antennae on your head. (SInv)
Your four strong arms can wield two-handed weapons with a shield.


Message History

You miss the jackal. You closely miss the jackal.
The jackal bites you but does no damage. x2
The jackal bites you. The jackal barely misses you.
An orc comes into view. It is wielding a +1 vampiric whip.
You barely miss the jackal. You closely miss the jackal.
The jackal barely misses you. You block the jackal's attack. x2
The jackal bites you but does no damage.
Unknown command.
The jackal attacks as it pursues you! The jackal bites you.
The jackal attacks as it pursues you! You block the jackal's attack.
You see here 17 gold pieces.
Unknown command.
You hit the jackal.
You kill the jackal!
You hit the jackal. The jackal closely misses you.
The jackal bites you but does no damage.
The jackal attacks as it pursues you!
The jackal bites you but does no damage.
The jackal attacks as it pursues you!
The jackal bites you but does no damage.
You block the jackal's attack.
You hit the jackal.
The jackal is almost dead.
The jackal bites you but does no damage.
You block the jackal's attack.
You hit the jackal.
You kill the jackal!
You hit the ogre.
The ogre is lightly wounded.
A hobgoblin comes into view.
You block the ogre's attack.
You completely miss the ogre.
The ogre is lightly wounded.
The hobgoblin shouts!
The ogre hits you with a +0 giant club!!
Ouch! That really hurt!
You barely miss the ogre.
The ogre is lightly wounded.
The ogre hits you with a +0 giant club!
You die...

#. ,.....# #.###......
,........ ,..... .. ..
##g.# ......
##.†.###### ....# #
#..o....^.. ##..###.
#.#O######. .......
###.#@### .....#
#.......# ....#
#.......#
....########.......#
.......................
.†<#####.....##########
...#####.#####
.........# ...#######


You could see an ogre, an orc and a hobgoblin.

Vanquished Creatures
  Terence (D:2)
  A gnoll (D:1)
  An adder (D:2)
  2 dart slugs
  A ribbon worm (D:3)
  5 ball pythons
  2 endoplasms (D:1)
  2 giant cockroaches
  4 goblins (D:1)
  2 hobgoblins
  2 jackals (D:3)
  3 quokkas
  3 bats
  2 frilled lizards (D:2)
  6 kobolds
  3 rats
40 creatures vanquished.

Notes
Turn   | Place    | Note
-------+----------+-------------------------------------------
     0 | D:1      | lonewolfV2 the Formicid Fighter began the quest for the
                  | Orb.
     0 | D:1      | Reached XP level 1. HP: 18/18 MP: 1/1
    80 | D:1      | Reached XP level 2. HP: 24/24 MP: 2/2
   122 | D:1      | Reached XP level 3. HP: 30/30 MP: 3/3
   793 | D:2      | Found a glowing silver altar of Zin.
   828 | D:2      | Found a faded altar of an unknown god.
   836 | D:2      | Got Plato's Quarto of Cinders
  1162 | D:2      | Noticed Terence
  1168 | D:2      | Killed Terence
  1169 | D:2      | Reached XP level 4. HP: 32/37 MP: 4/4
  1721 | D:3      | Noticed an ogre
  1732 | D:3      | Slain by an ogre

Illustrated notes

Levels and vault maps discovered:
D:1:      nzn_arrival_crosshair, layout_basic, grunt_decor_mini_mirrors
D:2:      layout_loops_ring, shapermc_ecumenical_altar_rom_forum, basic_altar,
          minivault_24, minmay_misc_feat_tower, hangedman_decor_clover_reticule,
          chequers_serial_rivers_small_3, uniq_terence
D:3:      layout_rooms

Skill      XL: |  1  2  3  4 |
---------------+-------------+-----
Axes           | 3 4 |  4.0
Fighting       | 4 |  4.2
Armour         | |  3.2
Shields        | |  4.0

Action                     |  1- 3 |  4- 6 || total
---------------------------+-------+-------++-------
  Melee: War axe           |    71 |    33 ||   104
    Use: Scroll            |     3 |     2 ||     5
 Armour: Scale mail        |    32 |       ||    32
         Chain mail        |     8 |    36 ||    44
  Dodge: Dodged            |    39 |    16 ||    55
  Block: Buckler           |    27 |    13 ||    40
